 Dungeon Sprint DCSS version 0.30.1-11-g7821555f0a (webtiles) character file.

Game seed: 10613684763705425228

1043 Heoruswealwe the Spear-Bearer (level 8, -10/82 HPs)
             Began as a Minotaur Fighter on Nov 13, 2023.
             Was an Initiate of Gozag.
             Mangled by an orc warrior
             ... wielding a +0 halberd of venom
              (16 damage)
             ... in the Dungeon (Sprint IX: "|||||||||||||||||||||||||||||").
             The game lasted 00:01:26 (160 turns).

Heoruswealwe the Spear-Bearer (Minotaur Fighter)     Turns: 160, Time: 00:01:28

Health: -10/82     AC:  9    Str: 22    XL:     8   Next: 4%
Magic:  7/7        EV:  9    Int:  5    God:    Gozag
Gold:   0          SH:  4    Dex: 11    Spells: 7/7 levels left

rFire   . . .        a - +0 trident
rCold   . . .        d - +0 buckler
rNeg    . . .        c - +0 scale mail
rPois   .            (helmet restricted)
rElec   .            (no cloak)
rCorr   .            (no gloves)
SInv    .            (no boots)
Will    .....        (no amulet) Stlth
                     (no ring)
HPRegen 0.33/turn    (no ring)
MPRegen 0.10/turn

%: no teleportation
@: lethally poisoned (-10 -> -16), spiked, gold aura
A: horns 2, retaliatory headbutt
a: Renounce Religion, Potion Petition, Call Merchant, Bribe Branch


You were in the Dungeon.
You worshipped Gozag.
Gozag was noncommittal.
You visited 1 branch

Inventory:

Hand Weapons
 a - a +0 trident (weapon)
Armour
 c - a +0 scale mail (worn)
 d - a +0 buckler (worn)
Jewellery
 k - a +2 ring of protection
 l - a +3 ring of intelligence
Wands
 h - a wand of iceblast (10)
Scrolls
 j - 2 scrolls of blinking
Potions
 b - a potion of might
 e - 5 potions of curing
 f - a potion of heal wounds
 g - a potion of haste
 i - a potion of berserk rage


   Skills:
 + Level 11.2 Fighting
 * Level 14.8 Polearms
 + Level 11.2 Armour
 - Level 3.6 Shields


You had 7 spell levels left.
You didn't know any spells.
Your spell library was empty.

Dungeon Overview and Level Annotations

Branches:
Dungeon (1/1)

Altars:
Cheibriados
Dithmenos
Elyvilon
Fedhas
Gozag
Hepliaklqana
Kikubaaqudgha
Makhleb
Nemelex Xobeh
Okawaru
Qazlal
Ru
Sif Muna
Trog
Uskayaw
Vehumet
Wu Jian
Xom
Yredelemnul
Zin
The Shining One
Jiyva
Lugonu


Innate Abilities, Weirdness & Mutations

You have a pair of horns on your head.
You reflexively headbutt those who attack you in melee.


Message History

[Y]es or [N]o only, please.
The barbs in your skin will harm you if you move.
Continue?
Uppercase [Y]es or [N]o only, please.
The barbs in your skin will harm you if you move.
Continue?
The barbed spikes dig painfully into your body as you move.
* * * LOW HITPOINT WARNING * * *
You feel sick. The orc warrior closely misses you.
Things that are here:
45 gold pieces; a +0 dagger; a +0 robe You barely miss the orc warrior.
You headbutt the orc warrior.
The orc warrior is moderately wounded.
You block the orc warrior's attack.
The troll is distracted by your dazzling golden aura.
The troll shouts!
You hit the orc warrior.
You headbutt the orc warrior, but do no damage.
The orc warrior is moderately wounded.
You feel sick.
You hit the orc warrior but do no damage.
The orc warrior is moderately wounded.
You block the orc warrior's attack.
You barely miss the orc warrior.
The orc warrior is moderately wounded.
You feel sick.
You are no longer poisoned.
The troll is no longer distracted by gold.
The orc warrior hits you with a +0 halberd of venom!
* * * LOW HITPOINT WARNING * * *
You are lethally poisoned!
You closely miss the orc warrior.
The orc warrior is moderately wounded.
* * * LOW HITPOINT WARNING * * *
You feel sick.
You closely miss the orc warrior.
The orc warrior is moderately wounded.
* * * LOW HITPOINT WARNING * * *
You feel sick.
The orc warrior hits you with a +0 halberd of venom!
You die...
Your body crumbles into a pile of gold. ▓▓▓▓▓▓▓▓▓▓▓▓▓▓▓▓▓▓▓▓▓▓▓ +..DTo@$..[[[.)?!'_____ ▓▓▓▓▓▓▓▓▓▓▓▓▓▓▓▓▓▓▓▓▓▓▓ $ $$$$$ $ $ $ $$$$$ $$$$

You could see a troll, a steam dragon and an orc warrior.

Vanquished Creatures
  A two-headed ogre (D)
  A kobold demonologist (D)
  An acid dragon (D)
  3 hounds (D)
  An adder (D)
  An orc (D)
  A ball python (D)
  An endoplasm (D)
  A goblin (D)
  A bat (D)
  A rat (D)
13 creatures vanquished.

Notes
Turn   | Place    | Note
-------+----------+-------------------------------------------
     0 | D        | Heoruswealwe the Minotaur Fighter began the quest for the
                  | Orb.
     0 | D        | Reached XP level 1. HP: 19/19 MP: 0/0
    10 | D        | Reached skill level 3 in Polearms
    63 | D        | Noticed a hound
    63 | D        | Noticed a hound
    63 | D        | Noticed a hound
    65 | D        | Reached skill level 4 in Polearms
    65 | D        | Reached XP level 2. HP: 28/28 MP: 1/1
    69 | D        | Reached skill level 5 in Fighting
    69 | D        | Reached skill level 6 in Polearms
    69 | D        | Reached skill level 5 in Armour
    69 | D        | Reached XP level 3. HP: 33/36 MP: 2/2
    75 | D        | Reached skill level 7 in Polearms
    75 | D        | Reached XP level 4. HP: 42/44 MP: 3/3
    88 | D        | Found a snail-covered altar of Cheibriados.
    88 | D        | Found a shadowy altar of Dithmenos.
    88 | D        | Found a white marble altar of Elyvilon.
    88 | D        | Found a blossoming altar of Fedhas.
    88 | D        | Found an opulent altar of Gozag.
    89 | D        | Found a hazy altar of Hepliaklqana.
    90 | D        | Found a viscous altar of Jiyva.
    91 | D        | Found an ancient bone altar of Kikubaaqudgha.
    92 | D        | Found a corrupted altar of Lugonu.
    93 | D        | Found a burning altar of Makhleb.
    94 | D        | Found a sparkling altar of Nemelex Xobeh.
    95 | D        | Found an iron altar of Okawaru.
    96 | D        | Found a stormy altar of Qazlal.
    98 | D        | Became a worshipper of Gozag Ym Sagoz the Greedy
   100 | D        | Found a sacrificial altar of Ru.
   101 | D        | Found a shimmering blue altar of Sif Muna.
   102 | D        | Found a bloodstained altar of Trog.
   103 | D        | Found a hide-covered altar of Uskayaw.
   104 | D        | Found a radiant altar of Vehumet.
   105 | D        | Found an ornate altar of the Wu Jian Council.
   106 | D        | Found a shimmering altar of Xom.
   107 | D        | Found a basalt altar of Yredelemnul.
   108 | D        | Found a glowing silver altar of Zin.
   109 | D        | Found a glowing golden altar of the Shining One.
   133 | D        | Noticed a steam dragon
   133 | D        | Noticed a troll
   133 | D        | Noticed an orc warrior
   133 | D        | Noticed a kobold demonologist
   133 | D        | Noticed an acid dragon
   133 | D        | Noticed a two-headed ogre
   140 | D        | Killed a two-headed ogre
   141 | D        | Reached skill level 10 in Fighting
   141 | D        | Reached skill level 13 in Polearms
   141 | D        | Reached skill level 10 in Armour
   141 | D        | Reached XP level 5. HP: 7/59 MP: 4/4
   141 | D        | Reached XP level 6. HP: 8/67 MP: 5/5
   141 | D        | Reached XP level 7. HP: 9/73 MP: 6/6
   146 | D        | Reached skill level 14 in Polearms
   147 | D        | Noticed a red devil
   153 | D        | Killed a kobold demonologist
   154 | D        | Reached XP level 8. HP: 24/82 MP: 7/7
   160 | D        | Mangled by an orc warrior

Illustrated notes

Levels and vault maps discovered:
D:        linesprint [early_d, line_temple, items_1, d_10, items_2, lair_1,
          lair_end, items_3, orc_1, orc_end, items_4, d_15, swamp_1, shoals_1,
          snake_1, spider_1, d_20, vaults_1, items_5, swamp_end, shoals_end,
          snake_end, spider_end, vaults_end, d_27, items_6, zot_1, zot_end,
          crypt_end, forest_end, elf_end, slime_end, tomb_end, abyss_end,
          pan_hell_end]

Skill      XL: |  1  2  3  4  5  6  7 |
---------------+----------------------+-----
Polearms       | 4 6 7 13 14 | 14.8
Fighting       | 4 5 10 11 | 11.2
Armour         | 4 5 10 11 | 11.2
Shields        | |  3.6

Action                     |  1- 3 |  4- 6 |  7- 9 || total
---------------------------+-------+-------+-------++-------
  Melee: Trident           |    23 |    12 |    16 ||    51
         Headbutt          |     7 |     5 |     4 ||    16
    Use: Potion            |       |       |     2 ||     2
 Armour: Scale mail        |    13 |     1 |     5 ||    19
  Dodge: Dodged            |     6 |     7 |     8 ||    21
  Block: Buckler           |     3 |     1 |     6 ||    10
